 Dungeon Crawl Stone Soup version 0.28.0-45-g0d030f2227 (webtiles) character file.

Game seed: 17127503293794287201

7156 VictoriousLee the Fighter (level 11, 0/94 HPs)
             Began as a Vine Stalker Monk on Apr 15, 2022.
             Was an Initiate of Gozag.
             Slain by a fire elemental (5 damage)
             ... created by the fiery vengeance of Ignis
             ... on level 10 of the Dungeon.
             The game lasted 00:42:58 (8524 turns).

VictoriousLee the Fighter (Vine Stalker Monk)       Turns: 8524, Time: 00:42:59

Health: 0/94       AC: 25    Str: 18    XL:     11   Next: 10%
Magic:  0/22       EV:  2    Int: 12    God:    Gozag
Gold:   8          SH:  0    Dex: 17    Spells: 19/24 levels left

rFire   . . .      SeeInvis .   a - +8 falchion of Bespelled Expedience {vorpal, Int+2}
rCold   + . .      Faith    .   (no shield)
rNeg    . . .      Spirit   +   (armour currently unavailable)
rPois   +          Reflect  .   (helmet currently unavailable)
rElec   +          Harm     .   (cloak currently unavailable)
rCorr   +          Rampage  .   (gloves currently unavailable)
Will    +....      NoTele   +   (boots currently unavailable)
Stlth   ++........              (no amulet)
HPRegen 1.05/turn               c - +4 ring of evasion
MPRegen 0.18/turn               l - ring of wizardry

@: mighty, tree-form, resistant, hasted, fire susceptible, very quick
A: stationary, stasis, torment immunity, boosted hp, (fangs 3), regeneration 1,
magic shield, (antimagic bite), no potion heal 2
a: End Transformation, Renounce Religion, Potion Petition, Call Merchant, Bribe
Branch


You were on level 10 of the Dungeon.
You worshipped Gozag.
Gozag was noncommittal.
You were a tree.
You visited 2 branches of the dungeon, and saw 11 of its levels.
You also visited: Bailey.

You collected 1087 gold pieces.
You spent 222 gold pieces at shops.
You paid 857 gold pieces to Gozag.

Inventory:

Hand Weapons
 a - the +8 falchion of Bespelled Expedience (weapon) {vorpal, Int+2}
   (You bought it in a shop on level 4 of the Dungeon)

   It inflicts extra damage upon your enemies.
   Int:       It affects your intelligence (+2).
 q - a +3 short sword
 t - a +0 falchion
 F - a +0 dagger of electrocution
 H - a +3 short sword of freezing
 I - a +0 long sword
 L - the +8 spear of Gaij Muod {freeze, rF- rC+ Dex+3}
   (You found it in a bailey)

   It freezes those it strikes, dealing additional cold damage.
   It can also slow down cold-blooded creatures.
   Dex:       It affects your dexterity (+3).
   rF:        It makes you vulnerable to fire.
   rC:        It protects you from cold.
 O - a +4 spear
Missiles
 o - 136 arrows
 D - 5 poisoned darts (quivered)
Armour
 e - the +1 leather armour of the Lute {Rampage SInv}
   (You found it on level 2 of the Dungeon)

   SInv:      It lets you see invisible.
   Rampage:   It bestows one free step when moving towards enemies.
 g - a +0 ring mail
 s - a +0 helmet (melded)
 E - +0 steam dragon scales (melded)
 M - a +1 plate armour of cold resistance
 N - a +0 tower shield of fire resistance
Magical Staves
 b - a staff of conjuration
Jewellery
 c - a +4 ring of evasion (left branch)
 j - a ring of resist corrosion
 l - a ring of wizardry (right branch)
 v - a ring of resist corrosion
 y - a ring of see invisible
 J - a ring of poison resistance
Wands
 u - a wand of digging (10)
 G - a wand of paralysis (11)
Scrolls
 h - a scroll of amnesia {unknown}
 k - 2 scrolls of fear {unknown}
 m - 7 scrolls of teleportation {unknown}
 n - 3 scrolls of immolation {unknown}
 p - 4 scrolls of fog {unknown}
 w - a scroll of holy word {unknown}
 z - 2 scrolls of magic mapping {unknown}
 B - 2 scrolls of silence {unknown}
 K - a scroll of enchant armour {unknown}
Potions
 d - 4 potions of curing
 f - 2 potions of magic
 i - 3 potions of brilliance
 x - 2 potions of flight
 A - a potion of cancellation
 C - a potion of lignification {unknown}
Miscellaneous
 r - a condenser vane


   Skills:
 - Level 10.0 Fighting
 * Level 9.3 Long Blades
 + Level 2.9 Armour
 - Level 2.4 Dodging
 - Level 2.4 Stealth
 - Level 7.3 Spellcasting
 - Level 2.0 Transmutations
 - Level 2.0 Earth Magic


You had 19 spell levels left.
You knew the following spells:

 Your Spells              Type           Power      Damage    Failure   Level
a - Passwall              Tmut/Erth      7%         N/A       4%          2
b - Stone Arrow           Conj/Erth      12%        3d7       13%         3

Your spell library contained the following spells:

 Spells                   Type           Power      Damage    Failure   Level
 Sandblast                Erth           18%        2d7       2%          1
 Pain                     Necr           16%        1d4       6%          1
 Ignite Poison            Fire/Tmut/Pois 5%         N/A       16%         3
 Conjure Flame            Conj/Fire      4%         6-21      19%         3
 Mephitic Cloud           Conj/Pois/Air  4%         N/A       19%         3
 Ozocubu's Armour         Ice            4%         N/A       19%         3
 Olgreb's Toxic Radiance  Pois           4%         N/A       52%         4
 Sticky Flame             Conj/Fire      4%         2d3       52%         4
 Agony                    Necr           4%         N/A       85%         5
 Excruciating Wounds      Necr           2%         N/A       85%         5
 Freezing Cloud           Conj/Ice/Air   2%         6-21      85%         5
 Metabolic Englaciation   Hex/Ice        2%         N/A       85%         5
 Simulacrum               Ice/Necr       2%         N/A       100%        6
 Ozocubu's Refrigeration  Ice            2%         4d5       100%        7
 Ignition                 Fire           2%         3d3       100%        8


Dungeon Overview and Level Annotations

Branches:
Dungeon (11/15)            Temple (1/1) D:7            Lair (0/6) D:8
 Bailey (visited)
    Orc: D:9-12

Altars:
Cheibriados
Elyvilon
Fedhas
Gozag
Hepliaklqana
Kikubaaqudgha
Makhleb
Nemelex Xobeh
Okawaru
Ru
Sif Muna
Trog
Uskayaw
Vehumet
Wu Jian
Yredelemnul
Zin
The Shining One
Ignis

Shops:
D:1 *   D:2 [   D:3 [   D:4 (

Portals:
Abyss: D:11

Annotations:
D:11 3 runed translucent doors, Duder's ghost, journeyman MiBe


Innate Abilities, Weirdness & Mutations

You are a tree.
Your roots penetrate the ground, keeping you stationary.
You cannot be teleported.
You are immune to unholy pain and torment.
Your maximum health is greatly increased.
Your equipment is partially melded.
((You have razor-sharp teeth.))
Your natural rate of healing is unusually fast.
When hurt, damage is shared between your health and your magic reserves.
((Your bite disrupts and absorbs the magic of your enemies.))
Potions cannot restore your health.


Message History

The fire elemental completely misses you.
You barely miss the fire elemental.
The fire elemental is severely damaged.
The fire elemental hits you. The fire elemental burns you!
The fire elemental completely misses you.
The fire elemental hits you. The fire elemental burns you!
You completely miss the fire elemental. You bite the fire elemental!
You drain its power.
You feel invigorated.
The fire elemental is almost destroyed.
The fire elemental misses you. The fire elemental barely misses you.
The fire elemental hits you. The fire elemental burns you!
You closely miss the fire elemental. Your bite misses the fire elemental.
The fire elemental is almost destroyed.
The fire elemental barely misses you. The fire elemental hits you.
The fire elemental burns you! The fire elemental barely misses you.
You slash the fire elemental!
You destroy the fire elemental!
That felt strangely unrewarding.
The fire elemental hits you. The fire elemental burns you!
The fire elemental hits you. The fire elemental burns you!
* * * LOW HITPOINT WARNING * * *
Okay, then.
Okay, then. [a] - 672 gold - resistance, might and haste [b] - 290 gold - heal wounds and berserk rage [c] - 729 gold - lignification, might, resistance and haste Purchase which effect?
You no longer have enough gold to petition Gozag for potion effects.
You turn into a tree.
Your +0 helmet melds into your body.
Your +0 steam dragon scales melds into your body.
Your roots penetrate the ground.
You feel very mighty all of a sudden.
You feel protected.
You feel yourself speed up. The fire elemental hits you.
The fire elemental burns you!
* * * LOW HITPOINT WARNING * * *
The fire elemental hits you. The fire elemental burns you!
* * * LOW HITPOINT WARNING * * *
The fire elemental hits you. The fire elemental burns you!
You die...
Your body crumbles into a pile of gold.

##...##....#
#...###..##
####...# .##
#......# .#
#.###..###.#
#.....$....#
#.≈≈≈≈≈≈≈..#
#.≈####≈≈.##
...≈#♣.#≈).#
##..≈#EE'≈≈.#
#..≈#..')≈)#
#..≈#..'≈≈.## ###
#>.#≈≈..####...##
####≈≈...........
≈≈≈≈≈≈...........
.......##.$####..
....######....


You could see 2 fire elementals.

Vanquished Creatures
  An orc knight (Bailey)
  A cyclops (D:11)
  An unseen horror (D:7)
  A komodo dragon (D:10)
  Grinder (D:6)
  Prince Ribbit (D:7)
  A wyvern (D:8)
  A fire elemental (D:10)
  A steam dragon (D:7)
  Menkaure (D:7)
  An acid dragon (D:10)
  2 wargs (D:8)
  A water moccasin (D:5)
  Duvessa (D:6)
  2 ice beasts
  10 orc warriors
  2 necrophages
  4 centaurs
  An ogre (D:5)
  Blork the orc (D:6)
  A kobold brigand (D:6)
  A bullfrog (D:6)
  2 scorpions
  A wyvern skeleton (D:6)
  Dowan (D:6)
  A water moccasin skeleton (D:5)
  9 killer bees (D:8)
  12 wights
  3 centaur zombies (D:5)
  A gnoll shaman (D:7)
  2 jellies (D:6)
  2 bullfrog zombies
  A hound (D:5)
  10 orc priests
  2 centaur skeletons
  A bullfrog skeleton (D:5)
  3 iguanas
  5 orc wizards
  3 scorpion zombies (D:5)
  2 killer bee zombies
  A hound zombie (D:5)
  4 hound skeletons (D:5)
  11 gnolls
  12 adders
  A white imp (D:7)
  3 ufetubi
  An adder skeleton (D:5)
  3 dart slugs
  49 orcs
  6 ball pythons
  8 endoplasms
  3 giant cockroaches
  5 goblins
  15 hobgoblins
  2 jackals (D:5)
  2 quokkas
  3 bats
  8 frilled lizards
  8 kobolds
  3 rats
246 creatures vanquished.

Vanquished Creatures (others)
  127 foxfires
  8 plants
  A withered plant (D:5)
136 creatures vanquished.

Grand Total: 382 creatures vanquished

Notes
Turn   | Place    | Note
-------+----------+-------------------------------------------
     0 | D:1      | VictoriousLee the Vine Stalker Monk began the quest for the
                  | Orb.
     0 | D:1      | Reached XP level 1. HP: 11/11 MP: 2/2
     0 | D:1      | Noticed a demigod
     1 | D:1      | Noticed a vampire
     2 | D:1      | Noticed a demonspawn
     4 | D:1      | Noticed an elf
     6 | D:1      | Noticed an elf
     8 | D:1      | Noticed an ogre
     9 | D:1      | Noticed a ghoul
    11 | D:1      | Noticed a naga
    13 | D:1      | Noticed a human
    16 | D:1      | Noticed a felid
    16 | D:1      | Noticed a gargoyle
    16 | D:1      | Noticed a barachi
    18 | D:1      | Noticed a formicid
    18 | D:1      | Noticed a demigod
    18 | D:1      | Noticed a spriggan
    20 | D:1      | Noticed a naga
    22 | D:1      | Noticed a draconian
   233 | D:1      | Reached XP level 2. HP: 10/16 MP: 3/3
   425 | D:1      | Found a faded altar of an unknown god.
   464 | D:1      | Prayed at the altar of an unknown god.
   464 | D:1      | Became a worshipper of Ignis, the Dying Flame
   464 | D:1      | Reached ****** piety under Ignis
   990 | D:1      | Reached XP level 3. HP: 15/19 MP: 4/4
  1223 | D:1      | Found Poipuwn's General Store.
  1226 | D:1      | Bought a scroll of identify for 22 gold pieces
  1682 | D:2      | Identified the +1 leather armour of the Lute {Rampage SInv}
  2055 | D:2      | Learned a level 2 spell: Passwall
  2166 | D:2      | Gained mutation: Your natural rate of healing is unusually
                  | fast. [Vine Stalker growth]
  2166 | D:2      | Reached XP level 4. HP: 23/23 MP: 5/5
  2167 | D:2      | Found Quahiulu's Armour Shoppe.
  2534 | D:3      | Noticed a centaur
  2543 | D:3      | Killed a centaur
  2544 | D:3      | Reached skill level 5 in Long Blades
  2544 | D:3      | Reached XP level 5. HP: 18/27 MP: 3/6
  2734 | D:3      | You fall into a shaft and drop 1 floor!
  2801 | D:3      | Found Leatiqugh's Armour Emporium.
  3162 | D:3      | Reached XP level 6. HP: 9/32 MP: 3/7
  3568 | D:4      | Found Xeallap's Antique Weapon Shoppe.
  3820 | D:4      | Reached skill level 1 in Transmutations
  3820 | D:4      | Reached skill level 1 in Earth Magic
  3975 | D:4      | Reached XP level 7. HP: 35/35 MP: 8/8
  4243 | D:5      | Entered Level 5 of the Dungeon
  4337 | D:4      | Bought a polished falchion for 200 gold pieces
  4337 | D:4      | Identified the +8 falchion of Bespelled Expedience {vorpal,
                  | Int+2} (You bought it in a shop on level 4 of the Dungeon)
  4491 | D:5      | Gained mutation: You have razor-sharp teeth. [Vine Stalker
                  | growth]
  4491 | D:5      | Reached XP level 8. HP: 39/39 MP: 9/9
  4610 | D:5      | Reached skill level 3 in Fighting
  4616 | D:5      | Reached skill level 1 in Spellcasting
  4746 | D:5      | Reached skill level 4 in Fighting
  4956 | D:5      | Found a basalt altar of Yredelemnul.
  5036 | D:5      | Reached skill level 5 in Fighting
  5317 | D:6      | Noticed Grinder
  5322 | D:6      | Killed Grinder
  5323 | D:6      | Reached skill level 6 in Fighting
  5323 | D:6      | Reached XP level 9. HP: 39/48 MP: 10/15
  5533 | D:6      | Noticed Blork the orc
  5539 | D:6      | Killed Blork the orc
  5623 | D:6      | Reached skill level 7 in Fighting
  5648 | D:6      | Noticed Duvessa
  5648 | D:6      | Noticed Dowan
  5657 | D:6      | Killed Duvessa
  5658 | D:6      | Killed Dowan
  5666 | D:6      | Reached skill level 5 in Spellcasting
  6048 | D:7      | Noticed an unseen horror
  6055 | D:7      | Killed an unseen horror
  6066 | D:7      | Noticed Prince Ribbit
  6078 | D:7      | Killed Prince Ribbit
  6079 | D:7      | Reached skill level 8 in Fighting
  6117 | D:7      | Found an opulent altar of Gozag.
  6227 | D:7      | Found a staircase to the Ecumenical Temple.
  6264 | D:7      | Reached XP level 10. HP: 47/57 MP: 13/20
  6271 | Temple   | Entered the Ecumenical Temple
  6552 | D:7      | Fell from the grace of Ignis
  6552 | D:7      | Became a worshipper of Gozag Ym Sagoz the Greedy
  6640 | D:7      | Noticed Menkaure
  6646 | D:7      | Killed Menkaure
  6885 | D:7      | Reached skill level 9 in Fighting
  7581 | D:8      | Found a staircase to the Lair.
  7595 | D:8      | Reached skill level 10 in Fighting
  7675 | D:8      | You fall into a shaft and drop 3 floors!
  7682 | D:11     | Found a one-way gate to the infinite horrors of the Abyss.
  7682 | D:11     | Identified the +9 dagger "Ikhoel" {distort, rElec rN+
                  | Int+2}
  7682 | D:11     | Identified the +0 robe "Umo Raq" {Harm MP+9 Str+6 Int-4}
  7682 | D:11     | Noticed a kobold demonologist
  7683 | D:11     | Noticed a kobold demonologist
  7776 | D:11     | Found a runed translucent gate.
  7777 | D:11     | Found a runed translucent gate.
  7778 | D:11     | Found a runed translucent gate.
  7778 | D:11     | Noticed Duder's ghost (journeyman MiBe)
  7778 | D:11     | Noticed a ten-headed hydra
  7780 | D:11     | Noticed a cyclops
  7818 | D:11     | Killed a cyclops
  7819 | D:11     | Reached skill level 1 in Armour
  7851 | D:11     | Found a hazy altar of Hepliaklqana.
  7908 | D:10     | Entered Level 10 of the Dungeon
  7949 | D:10     | Found a flagged portal.
  8011 | D:10     | Learned a level 3 spell: Stone Arrow
  8034 | Bailey   | Entered a bailey
  8171 | Bailey   | Noticed an orc knight
  8206 | Bailey   | Killed an orc knight
  8207 | Bailey   | Reached XP level 11. HP: 40/63 MP: 12/22
  8361 | Bailey   | Identified the +8 spear of Gaij Muod {freeze, rF- rC+
                  | Dex+3}
  8524 | D:10     | Slain by a fire elemental

Illustrated notes

Levels and vault maps discovered:
D:1:      shiori_arrival_whats_in_store_for_you, layout_loops_ring,
          hellmonk_ecumenical_altar_lost_god, serial_shops, shop,
          minmay_lizard_king
D:2:      layout_loops_cross, serial_shops, nicolae_shop_behind_doors
D:3:      layout_loops_corners, serial_shops, shop, minmay_misc_feat_nine_boxes
D:4:      layout_rooms, serial_curves, eino_curves_04, eino_curves_04,
          eino_curves_03, eino_curves_02, serial_shops, kennysheep_mini_moat,
          kennysheep_generic_room_3
D:5:      layout_cave_pods, kennysheep_little_box, serial_undead,
          serial_undead_c, serial_undead_f, serial_undead_d, serial_undead_b,
          serial_undead_c, serial_undead_e, skrybe_limestone_x
D:6:      layout_gridville, small_statue_intersection, minivault_24,
          st_stairs_4, uniq_grinder, uniq_duvessa, uniq_blork_the_orc
D:7:      layout_rooms, mainiacjoe_overflow_surrounded_room,
          minmay_temple_entry_mini_moons, serial_co_window_serial,
          co_window_corner_a, co_window_paths_a, co_window_corner_a,
          co_window_corner_a, co_window_paths_b, co_window_corner_cb,
          co_window_broadway_a, co_window_unsneaky_path_d, co_window_corner_b,
          co_window_of_opportunity_c, co_window_paths_d, uniq_prince_ribbit1,
          uniq_menkaure
D:8:      layout_basic, gammafunk_temple_overflow_claw,
          erik_lair_orcish_takeover, nicolae_looking_at_the_future
D:10:     minmay_blocky_corners, layout_layer_cave, enter_bailey_4
D:11:     due_chaos_kobolds, layout_long_grid, gammafunk_ghost_hydra_chop,
          hangedman_abyss_or_decor_slice, worldfamousw_hep_ancestral_shrine,
          uniq_erolcha
Temple:   compressed_dpeg_circular_temple

Skill      XL: |  1  2  3  4  5  6  7  8  9 10 |
---------------+-------------------------------+-----
Long Blades    | 3 4 5 6 7 8 9 |  9.3
Transmutations | 1 2 |  2.0
Earth Magic    | 1 2 |  2.0
Fighting       | 6 8 10 | 10.0
Spellcasting   | 3 6 7 |  7.3
Armour         | 2 |  2.9
Dodging        | |  2.4
Stealth        | |  2.4

Action                   |  1- 3 |  4- 6 |  7- 9 | 10-12 || total
-------------------------+-------+-------+-------+-------++-------
Melee: Falchion          |   109 |   120 |   223 |   215 ||   667
       Bite              |    16 |    30 |    65 |    56 ||   167
       Punch             |     1 |     2 |     7 |       ||    10
Throw: Dart              |       |       |       |     5 ||     5
Invok: Fiery Armour      |       |     1 |     2 |       ||     3
       Foxfire Swarm     |       |       |     4 |     2 ||     6
       Potion Petition   |       |       |       |     1 ||     1
Evoke: Wand              |       |       |       |     2 ||     2
  Use: Scroll            |     3 |       |     1 |     2 ||     6
       Potion            |       |       |       |     1 ||     1
 Stab: Sleeping          |     6 |    10 |     6 |     2 ||    24
       Distracted        |       |       |       |     4 ||     4
Armor: Leather armour    |    22 |    22 |    51 |    11 ||   106
       Steam dragon scal |       |       |       |     6 ||     6
       Skin              |       |       |       |     3 ||     3
Dodge: Dodged            |    68 |    73 |   173 |   138 ||   452
